 Dungeon Crawl Stone Soup version 0.28-a0-21-gf74fda84f9 (webtiles) character file.

Game seed: 4836183271996820043

2436 arson the Cleaver (level 9, 0/77 HPs)
             Began as a Demonspawn Berserker on July 27, 2021.
             Was a Priest of Trog.
             Killed from afar by a manticore (17 damage)
             ... with a volley of spikes
             ... on level 7 of the Dungeon.
             The game lasted 00:10:57 (6705 turns).

arson the Cleaver (Demonspawn Berserker)            Turns: 6705, Time: 00:10:57

Health: 0/77       AC: 13    Str: 18    XL:     9   Next: 25%
Magic:  9/9        EV:  8    Int:  8    God:    Trog [***...]
Gold:   426        SH:  0    Dex: 22    Spells: 8/8 levels left

rFire   . . .      SeeInvis .   B - +0 battleaxe
rCold   . . .      Faith    .   (shield currently unavailable)
rNeg    . . .      Spirit   .   s - +0 chain mail
rPois   .          Reflect  .   D - +1 helmet
rElec   .          Harm     .   (no cloak)
rCorr   .          Rampage  +   (no gloves)
Will    ++...                   f - +1 pair of boots {rampage}
Stlth   ..........              (no amulet)
HPRegen 1.22/turn               c - +6 ring of dexterity
MPRegen 0.11/turn               (no ring)

@: strong-willed, spiked, regenerating
A: talons 2, rugged brown scales 1, demonic guardian 1, spiny 2
a: Renounce Religion, Berserk, Trog's Hand


You were on level 7 of the Dungeon.
You worshipped Trog.
Trog was most pleased with you.
You visited 1 branch of the dungeon, and saw 7 of its levels.

You collected 426 gold pieces.

Inventory:

Hand Weapons
 a - a +0 hand axe
 w - the +8 quarterstaff of Woe {freeze, rF++ Dex+4}
   (You found it on level 4 of the Dungeon)

   It freezes those it strikes, dealing additional cold damage.
   It can also slow down cold-blooded creatures.
   Dex:       It affects your dexterity (+4).
   rF:        It greatly protects you from fire.
 y - a +1 vorpal hand axe
 B - a +0 battleaxe (weapon)
Missiles
 F - 7 atropa-tipped darts (quivered)
Armour
 b - a +0 animal skin
 f - a +1 pair of boots of rampaging (worn)
 h - a +0 ring mail
 s - a +0 chain mail (worn)
 D - a +1 helmet (worn)
Jewellery
 c - a +6 ring of dexterity (left hand)
 m - an amulet of guardian spirit
 o - an amulet of reflection
Wands
 t - a wand of flame (27)
 v - a wand of mindburst (9)
Scrolls
 d - 5 scrolls of identify {unknown}
 e - a scroll of acquirement {unknown}
 g - a scroll of amnesia {unknown}
 j - 2 scrolls of vulnerability {unknown}
 k - 2 scrolls of enchant armour {unknown}
 r - a scroll of magic mapping {unknown}
 x - 3 scrolls of torment {unknown}
 A - 2 scrolls of silence {unknown}
 C - 2 scrolls of teleportation {unknown}
 E - a scroll of noise {unknown}
Potions
 i - a potion of mutation {unknown}
 l - 2 potions of heal wounds {unknown}
 n - 2 potions of might {unknown}
 p - a potion of degeneration {unknown}
 q - 2 potions of curing {unknown}
 u - a potion of attraction {unknown}
 z - a potion of flight {unknown}


   Skills:
 + Level 8.3 Fighting
 + Level 9.4 Axes
 - Level 1.7 Armour
 - Level 1.7 Dodging


You had 8 spell levels left.
You didn't know any spells.
Your spell library was empty.

Dungeon Overview and Level Annotations

Branches:
Dungeon (7/15)             Temple (0/1) D:4

Altars:
Ashenzari
Cheibriados
Gozag
Xom
The Shining One

Shops:
D:6 *[[:


Innate Abilities, Weirdness & Mutations

You have razor-sharp toenails.
You are partially covered in rugged brown scales. (AC +1, +3% HP)
A weak demonic guardian rushes to your aid.
You are mostly covered in sharp spines.


Message History

You slash the manticore!
The manticore is lightly wounded.
The manticore is struck by your spines. The manticore completely misses you.
The manticore claws you!
A demonic guardian appears!
The manticore claws you but does no damage.
The manticore bites you! The manticore barely misses you.
The manticore completely misses you.
You slash the manticore!
The manticore is heavily wounded.
The manticore is struck by your spines. The manticore bites you.
The manticore claws you.
The manticore claws you but does no damage.
You barely miss the manticore.
The manticore is heavily wounded.
A vampire mosquito comes into view.
The manticore bites you. The manticore closely misses you. x2
Your white imp barely misses the manticore.
Unknown command.
You hit the manticore.
The manticore is heavily wounded.
You carefully extract the barbed spikes from your body.
The manticore is struck by your spines. The manticore bites you.
* * * LOW HITPOINT WARNING * * *
The manticore claws you but does no damage.
The manticore claws you!
* * * LOW HITPOINT WARNING * * *
Your white imp gestures at the manticore.
The puff of frost hits the manticore.
The manticore barely misses your white imp.
The manticore claws your white imp but does no damage.
The manticore claws your white imp!
Your white imp hits the manticore.
Your white imp freezes the manticore.
The manticore bites your white imp!!
Your white imp dies!
Your skin crawls.
You feel strong-willed.
The manticore flicks its tail.
The volley of spikes hits you!
The barbed spikes become lodged in your body.
You die...

####### #.....# #####
############ #.....# ....
...........+. #.....#
.........(.......#. #...###
#..........(.....#. #...#
##.##.............#. #..)# ##
#..##.............#. #...# ..
#..).....#####'####. #...#
#y##..@.....##.......#. #...#
#yH.................'. #<..#
#.##.........(.......#. #...# #
##.##.............#.
#...#########.##....##########.
#.....#.......##....#### #.
#...(.#................# #.
#.....#................+.....#.
#.....#................#.....#.


You could see a manticore and a vampire mosquito.

Vanquished Creatures
  Pikel (D:4)
  Grinder (D:5)
  Edmund (D:5)
  3 water moccasins
  Duvessa (D:5)
  A black bear (D:4)
  An ice beast (D:7)
  An ogre (D:4)
  A necrophage (D:5)
  Blork the orc (D:5)
  2 bullfrogs
  A gnoll sergeant (D:5)
  A scorpion (D:4)
  Dowan (D:5)
  A howler monkey (D:7)
  A centaur zombie (D:5)
  A hound (D:4)
  A jelly (D:7)
  An orc priest (D:3)
  A centaur skeleton (D:7)
  2 iguanas
  2 orc wizards
  A killer bee zombie (D:6)
  A hound skeleton (D:4)
  6 adders
  4 gnolls (D:5)
  2 white imps (D:6)
  2 ufetubi (D:4)
  2 worms
  14 orcs
  7 ball pythons
  11 endoplasms
  2 giant cockroaches
  5 goblins
  3 hobgoblins
  17 jackals
  3 quokkas
  4 bats
  2 frilled lizards
  4 kobolds
  4 rats
121 creatures vanquished.

Notes
Turn   | Place    | Note
-------+----------+-------------------------------------------
     0 | D:1      | arson the Demonspawn Berserker began the quest for the Orb.
     0 | D:1      | Reached XP level 1. HP: 18/18 MP: 1/1
   304 | D:1      | Found a faded altar of an unknown god.
   313 | D:1      | Reached skill level 3 in Axes
   355 | D:1      | Gained mutation: You have sharp toenails. [demonic
                  | ancestry]
   355 | D:1      | Reached XP level 2. HP: 23/24 MP: 2/2
  1230 | D:2      | Reached ** piety under Trog
  1245 | D:2      | Gained mutation: You are partially covered in sharp spines.
                  | [demonic ancestry]
  1245 | D:2      | Reached XP level 3. HP: 17/29 MP: 3/3
  2298 | D:3      | Reached skill level 4 in Axes
  2508 | D:3      | Gained mutation: You are partially covered in rugged brown
                  | scales. (AC +1, +3% HP) [demonic ancestry]
  2508 | D:3      | Reached XP level 4. HP: 17/38 MP: 4/4
  2968 | D:3      | Found a snail-covered altar of Cheibriados.
  3162 | D:4      | Noticed an ogre
  3175 | D:4      | Killed an ogre
  3176 | D:4      | Reached skill level 5 in Axes
  3176 | D:4      | Gained mutation: You have razor-sharp toenails. [demonic
                  | ancestry]
  3176 | D:4      | Reached XP level 5. HP: 44/44 MP: 5/5
  3283 | D:4      | Reached XP level 6. HP: 43/50 MP: 6/6
  3336 | D:4      | Found a shimmering altar of Xom.
  3713 | D:4      | Found a staircase to the Ecumenical Temple.
  3828 | D:4      | Noticed Pikel
  3838 | D:4      | Killed Pikel
  3839 | D:4      | Reached skill level 5 in Fighting
  3839 | D:4      | Reached skill level 7 in Axes
  3839 | D:4      | Reached XP level 7. HP: 58/58 MP: 7/7
  4228 | D:4      | Identified the +8 quarterstaff of Woe {freeze, rF++ Dex+4}
  4457 | D:5      | Entered Level 5 of the Dungeon
  4526 | D:5      | Gained mutation: You are mostly covered in sharp spines.
                  | [demonic ancestry]
  4526 | D:5      | Reached XP level 8. HP: 65/65 MP: 8/8
  4544 | D:5      | Reached *** piety under Trog
  4662 | D:5      | Noticed Blork the orc
  4671 | D:5      | Killed Blork the orc
  4677 | D:5      | Noticed Grinder
  4684 | D:5      | Killed Grinder
  4685 | D:5      | Reached skill level 8 in Axes
  4873 | D:5      | Noticed Duvessa
  4873 | D:5      | Noticed Dowan
  4880 | D:5      | Killed Dowan
  4880 | D:5      | Killed Duvessa
  4946 | D:5      | Noticed Edmund
  4952 | D:5      | Killed Edmund
  5274 | D:6      | Found Wobles's Armour Shoppe.
  5288 | D:6      | Found Lyanood's Assorted Antiques.
  5366 | D:6      | Found a broken altar of Ashenzari.
  5506 | D:6      | Reached skill level 9 in Axes
  5613 | D:6      | Gained mutation: A weak demonic guardian rushes to your
                  | aid. [demonic ancestry]
  5613 | D:6      | Reached XP level 9. HP: 58/75 MP: 9/9
  5906 | D:6      | Found Gauj Iro's Armour Boutique.
  5915 | D:6      | Found Gupn's Book Shoppe.
  6499 | D:7      | Found an opulent altar of Gozag.
  6694 | D:7      | Noticed a manticore
  6705 | D:7      | Killed from afar by a manticore

Illustrated notes

Levels and vault maps discovered:
D:1:      minmay_arrival_five_plusses, layout_loops_cross,
          hellmonk_ecumenical_altar_dog_temple
D:2:      layout_basic
D:3:      layout_loops_ring, lemuel_coloured_pillars_altar,
          mainiacjoe_overflow_24_doors
D:4:      layout_basic, nicolae_overflow_hidden_temple,
          minmay_temple_entry_hall, uniq_pikel
D:5:      layout_basic, uniq_blork_the_orc, uniq_edmund, uniq_duvessa,
          uniq_grinder
D:6:      layout_loops_cross, lemuel_round_altar, serial_shops, shop_coins,
          shop, shop, kennysheep_mini, hex_medium
D:7:      minmay_cornered_nines, layout_gridville, nicolae_gozag_seed_capital

Skill      XL: |  1  2  3  4  5  6  7  8  9 |
---------------+----------------------------+-----
Axes           | 3 4 5 7 9 |  9.4
Fighting       | 4 5 6 7 8 |  8.3
Armour         | |  1.7
Dodging        | |  1.7

Action                   |  1- 3 |  4- 6 |  7- 9 || total
-------------------------+-------+-------+-------++-------
Melee: Hand axe          |   115 |    64 |    57 ||   236
       Kick              |     1 |       |       ||     1
       Battleaxe         |       |       |    66 ||    66
Invok: Berserk           |     5 |     4 |     5 ||    14
       Trog's Hand       |       |       |     2 ||     2
 Stab: Sleeping          |     4 |       |       ||     4
Armor: Animal skin       |    16 |       |       ||    16
       Ring mail         |    23 |    25 |       ||    48
       Chain mail        |       |     7 |    59 ||    66
       Skin              |       |     2 |       ||     2
Dodge: Dodged            |    57 |    36 |    55 ||   148

Table legend: (Time is in decaauts)
 A = Elapsed time spent in this place.
 B = Non-inter-level travel time spent in this place.
 C = Inter-level travel time spent in this place.
 D = Time resting spent in this place.
 E = Time spent auto-exploring this place.
 F = Levels seen in this place.
 G = Mean time per level.
                   A        B        C        D        E       F      G
               +--------+--------+--------+--------+--------+-----+--------+
         Total |   6863 |   6671 |    192 |   1663 |   4211 |   7 |  980.4 |
       Dungeon |   6863 |   6671 |    192 |   1663 |   4211 |   7 |  980.4 |
               +--------+--------+--------+--------+--------+-----+--------+

Top non-repeatable levels by time:
     D:4: 1465 daAuts
     D:1: 1138 daAuts
     D:3: 1021 daAuts
     D:2: 942 daAuts
     D:5: 827 daAuts
     D:6: 770 daAuts
     D:7: 697 daAuts
